 Dungeon Crawl Stone Soup version 0.18.1-5-g4a78601 (webtiles) character file.

9299 Lugonue the Blocker (level 11, 0/101 HPs)
             Began as a Minotaur Fighter on May 9, 2016.
             Was a High Priest of Okawaru.
             Slain by a yak (16 damage)
             ... on level 5 of the Lair of Beasts.
             The game lasted 00:33:48 (8183 turns).

Lugonue the Blocker (Minotaur Fighter)              Turns: 8183, Time: 00:33:49

Health: 0/101      AC:  5    Str: 24    XL:     11   Next: 21%
Magic:  7/10       EV: 17    Int:  5    God:    Okawaru [*****.]
Gold:   629        SH: 16    Dex: 13    Spells: 0 memorised, 10 levels left

rFire  . . .     SeeInvis .     a - +2 short sword (elec)
rCold  + + .     Gourm    .     s - +0 ring mail of Servitude {Str+3}
rNeg   . . .     Faith    .     c - +1 shield
rPois  .         Spirit   .     (helmet restricted)
rElec  .         Dismiss  +     i - +0 cloak
rCorr  .         Reflect  .     (no gloves)
SustAt .         Harm     .     (no boots)
MR     +....                    v - amulet of dismissal
Stlth  ++........               l - ring of protection from cold
                                p - ring of protection from magic

@: heroism, somewhat resistant to hostile enchantments, unstealthy
A: retaliatory headbutt, horns 2, blurry vision 1, cold resistance 1, deformed
body
a: Heroism, Finesse, Renounce Religion


You were on level 5 of the Lair of Beasts.
You worshipped Okawaru.
Okawaru was extremely pleased with you.
You were not hungry.

You visited 3 branches of the dungeon, and saw 15 of its levels.
You also visited: Sewer.

You collected 629 gold pieces.

Inventory:

Hand Weapons
 a - a +2 short sword of electrocution (weapon)
 b - a +2 short sword of draining
 e - a +0 long sword
 y - the +11 shortbow of Termination {velocity, +Blink rF+, unknown}
   (Okawaru gifted it to you on level 5 of the Lair of Beasts)

   Any arrow fired from it inflicts extra damage.
   It protects you from fire.
   It lets you blink.
Armour
 c - a +1 shield (worn)
 i - a +0 cloak (worn)
 s - the +0 ring mail of Servitude (worn) {Str+3}
   (You found it on level 5 of the Dungeon)

   It affects your strength (+3).
Jewellery
 l - a ring of protection from cold (right hand)
 p - a ring of protection from magic (left hand)
 v - an amulet of dismissal (around neck)
Wands
 d - a wand of teleportation (1/9)
 o - a wand of slowing (15/48)
 r - a wand of iceblast (5/15)
Scrolls
 n - 6 scrolls of remove curse
 t - a scroll of fear
 u - 2 scrolls of identify
 w - 3 scrolls of teleportation
 x - a scroll of recharging
 A - a scroll of fog
Potions
 g - a potion of cancellation {unknown}
 h - 2 potions of lignification
 j - a potion of magic
 m - 2 potions of ambrosia
 q - 3 potions of curing
Comestibles
 f - 4 bread rations
 k - 3 meat rations


   Skills:
 + Level 10.4(15.4) Fighting
 + Level 6.0(13.0) Short Blades
 - Level 9.1(15.0) Long Blades
 - Level 3.6(8.6) Armour
 + Level 7.0(12.0) Dodging
 - Level 13.5(18.5) Shields


You had 10 spell levels left.
You didn't know any spells.

Dungeon Overview and Level Annotations

Branches:
Dungeon (9/15)             Temple (1/1) D:5            Lair (5/8) D:9
  Swamp: Lair:3-6    Shoals: Lair:3-6     Snake: Lair:3-6    Spider: Lair:3-6
    Orc: D:9-12

Altars:
Cheibriados
Dithmenos
Elyvilon
Fedhas
Gozag
Kikubaaqudgha
Nemelex Xobeh
Okawaru
Pakellas
Ru
Sif Muna
Trog
Vehumet
Xom
Yredelemnul


Innate Abilities, Weirdness & Mutations

You reflexively headbutt those who attack you in melee.
You have a pair of horns on your head.
Scrolls take you a little longer to read.
Your flesh is cold resistant.
Armour fits poorly on your strangely shaped body.


Message History

You hit the yak.
There is a sudden explosion of sparks!
You headbutt the yak!
The yak is severely wounded.
You puncture the yak! You headbutt the yak.
You kill the yak!
Okawaru accepts your kill.
Your base Short Blades skill increases to level 6!
You feel like a meek peon again.
You closely miss the yak. The yak gores you!
You gain the combat prowess of a mighty hero.
You feel slightly more hungry. The yak gores you!
* * * LOW HITPOINT WARNING * * *
You block the yak's attack.
You are too injured to fight recklessly!
You are too injured to fight recklessly!
You are too injured to fight recklessly!
The yak gores you!
* * * LOW HITPOINT WARNING * * *
You hit the yak but do no damage. The yak closely misses you.
The yak gores you!
You die...

#P##P......#.##
................
.................
.................
.................
.................
.................
.........@.......
...$.....YY......
........†........
........†........
.................
.................
.................
.................
.................


You could see 2 yaks.

Vanquished Creatures
  Snorg (Lair:3)
  Joseph (D:7)
  3 spiny frogs
  A rime drake (Lair:5)
  Grinder (D:3)
  5 yaks
  7 humans (D:7)
  4 hippogriffs
  Menkaure (D:7)
  4 water moccasins
  5 porcupines
  A hell hound (D:9)
  2 ice beasts
  A black bear (D:8)
  3 sky beasts
  An ogre (D:4)
  2 phantoms
  A centaur (D:5)
  A big kobold (D:8)
  6 crocodiles
  7 giant frogs
  7 killer bees
  A howler monkey (D:7)
  A wasp zombie (D:9)
  A crimson imp (D:8)
  5 hounds
  A gnoll shaman (D:6)
  4 orc priests
  4 orc wizards
  Jessica (D:2)
  Ijyb (D:7)
  An iguana (Lair:2)
  A worker ant (D:7)
  12 sheep
  A killer bee zombie (D:6)
  A hound skeleton (D:3)
  A worker ant zombie (D:5)
  5 gnolls (D:6)
  23 river rats
  8 adders
  3 shadow imps
  3 worms (D:2)
  An adder skeleton (D:4)
  5 dart slugs
  3 giant geckos
  19 orcs
  5 ball pythons
  8 giant cockroaches
  7 goblins
  9 hobgoblins
  8 jackals
  2 quokkas
  A ball python skeleton (D:4)
  10 bats
  9 giant newts
  10 kobolds
  8 rats
248 creatures vanquished.

Vanquished Creatures (others)
  4 fungi
  A plant (Lair:5)
5 creatures vanquished.

Grand Total: 253 creatures vanquished

Notes
Turn   | Place    | Note
--------------------------------------------------------------
     0 | D:1      | Lugonue the Minotaur Fighter began the quest for the Orb.
     0 | D:1      | Reached XP level 1. HP: 19/19 MP: 0/0
    85 | D:1      | Reached XP level 2. HP: 19/26 MP: 1/1
   179 | D:1      | Reached XP level 3. HP: 5/41 MP: 2/2
  1095 | D:2      | Noticed Jessica
  1101 | D:2      | Killed Jessica
  1101 | D:2      | Reached skill level 4 in Shields
  1101 | D:2      | Reached XP level 4. HP: 48/49 MP: 3/3
  1251 | D:2      | Found a white marble altar of Elyvilon.
  1851 | D:3      | Noticed Grinder
  1857 | D:3      | Killed Grinder
  1857 | D:3      | Reached skill level 5 in Shields
  1857 | D:3      | Reached XP level 5. HP: 56/56 MP: 4/4
  1857 | D:3      | Reached XP level 6. HP: 62/62 MP: 5/5
  2422 | D:4      | Reached skill level 6 in Shields
  2431 | D:4      | Found an ancient bone altar of Kikubaaqudgha.
  2449 | D:4      | Noticed a sky beast
  2468 | D:4      | Killed a sky beast
  2468 | D:4      | Reached XP level 7. HP: 53/69 MP: 6/6
  2525 | D:4      | Reached skill level 7 in Shields
  2572 | D:4      | Found a radiant altar of Vehumet.
  2706 | D:5      | Entered Level 5 of the Dungeon
  2724 | D:5      | Got an ancient ring mail
  2739 | D:5      | Identified the cursed +0 ring mail of Servitude {Str+3} (You found it on level 5 of the Dungeon)
  2843 | D:5      | Found a shimmering altar of Xom.
  2909 | D:5      | Found an opulent altar of Gozag.
  2910 | D:5      | Found a sparkling altar of Nemelex Xobeh.
  2987 | D:5      | Found a staircase to the Ecumenical Temple.
  3151 | D:5      | Found a glowing drain.
  3162 | Sewer    | Entered a sewer
  3298 | Sewer    | Reached skill level 8 in Shields
  3615 | D:5      | Reached skill level 9 in Shields
  3615 | D:5      | Reached XP level 8. HP: 46/75 MP: 7/7
  3635 | Temple   | Entered the Ecumenical Temple
  3958 | D:6      | Found an iron altar of Okawaru.
  3959 | D:6      | Found a bloodstained altar of Trog.
  3984 | D:6      | Became a worshipper of Warmaster Okawaru
  3999 | D:6      | Found an oddly glowing altar of Pakellas.
  4448 | D:7      | Noticed Joseph
  4462 | D:7      | Killed Joseph
  4462 | D:7      | Reached skill level 10 in Shields
  4480 | D:7      | Noticed Menkaure
  4487 | D:7      | Killed Menkaure
  4686 | D:7      | Noticed Ijyb
  4693 | D:7      | Reached * piety under Okawaru
  4693 | D:7      | Reached skill level 11 in Shields
  4696 | D:7      | Reached XP level 9. HP: 82/82 MP: 8/8
  4713 | D:7      | Killed Ijyb
  4721 | D:7      | Reached skill level 12 in Shields
  4730 | D:7      | Reached ** piety under Okawaru
  4987 | D:8      | Reached skill level 13 in Shields
  5596 | D:9      | Found a staircase to the Lair.
  5627 | D:9      | Reached *** piety under Okawaru
  5802 | D:9      | Reached skill level 1 in Dodging
  5810 | D:9      | Reached skill level 1 in Short Blades
  5810 | D:9      | Reached XP level 10. HP: 76/90 MP: 6/9
  5915 | Lair:1   | Entered Level 1 of the Lair of Beasts
  5948 | Lair:1   | You fall through a shaft!
  6180 | Lair:2   | Noticed a spiny frog
  6192 | Lair:2   | Killed a spiny frog
  6282 | Lair:2   | Reached **** piety under Okawaru
  6534 | Lair:2   | Reached skill level 5 in Dodging
  6741 | Lair:2   | Gained mutation: Armour fits poorly on your strangely shaped body. [potion of mutation]
  6741 | Lair:2   | Gained mutation: Your flesh is cold resistant. [potion of mutation]
  6741 | Lair:2   | Gained mutation: Scrolls take you a little longer to read. [potion of mutation]
  6748 | Lair:2   | Noticed a spiny frog
  6758 | Lair:2   | Killed a spiny frog
  7175 | Lair:2   | Noticed a spiny frog
  7320 | Lair:3   | Noticed Snorg
  7334 | Lair:3   | Killed Snorg
  7334 | Lair:3   | Reached skill level 5 in Short Blades
  7386 | Lair:3   | Reached skill level 10 in Fighting
  7386 | Lair:3   | Reached XP level 11. HP: 70/99 MP: 10/10
  7427 | Lair:3   | Reached ***** piety under Okawaru
  8145 | Lair:5   | Noticed a four-headed hydra
  8160 | Lair:5   | Received a gift from Okawaru
  8163 | Lair:5   | Got an ichor-stained shortbow {god gift}
  8183 | Lair:5   | Slain by a yak

Skill      XL: |  1  2  3  4  5  6  7  8  9 10 11 |
---------------+----------------------------------+-----
Long Blades    | 3 8 9 |  9.1
Fighting       | 8 10 | 10.4
Shields        | 4 5 6 9 11 13 | 13.5
Dodging        | 1 6 7 |  7.0
Short Blades   | 1 5 6 |  6.0
Armour         | |  3.6

Action                   |  1- 3 |  4- 6 |  7- 9 | 10-12 || total
-------------------------+-------+-------+-------+-------++-------
Melee: Long sword        |    30 |       |       |       ||    30
       Headbutt          |    13 |    21 |    57 |    61 ||   152
       Short sword       |    35 |   107 |   320 |   273 ||   735
Invok: Heroism           |       |       |     1 |     7 ||     8
Evoke: Wand              |       |     1 |       |     3 ||     4
  Use: Potion            |     1 |     3 |     4 |     4 ||    12
       Scroll            |     1 |     8 |     6 |     4 ||    19
  Eat: Pizza             |     1 |       |       |       ||     1
       Bread ration      |       |     1 |     1 |     1 ||     3
       Fruit             |       |       |     2 |       ||     2
       Chunk             |       |       |     1 |     1 ||     2
       Beef jerky        |       |       |     2 |       ||     2
       Meat ration       |       |       |       |     1 ||     1
Armor: Scale mail        |    23 |    37 |     8 |       ||    68
       Skin              |       |     1 |       |       ||     1
       Ring mail         |       |       |    41 |    14 ||    55
Dodge: Dodged            |    12 |    17 |    72 |    69 ||   170
Block: Shield            |    18 |    53 |   161 |   143 ||   375
